AoeStats
← GoogleWise

Arabia

510014158Analyzed
2v2 RM · 3d ago on Sep 29, 2026· 46m 3s· 4 players
Game mode
Random Map
Map size
Medium (4 player)
Population
200
Speed
Normal
Resources
Standard
Victory
Conquest
Starting age
Dark Age
Ending age
Imperial Age
RankedLock teamsTeams togetherTeam positionsShared explorationLock speedFull tech treeHidden civsTurbo modeCheats
Victory
Defeat
🇺🇾 Lithuanians · Uruguay
1025
+15
🇺🇾 Persians · Uruguay
898
+19
🇺🇸 Koreans · United States
1012
-18
🇨🇦 Tupi · Canada
968
-16
AoeAuthority.com
11:11 Feudal Age
11:52 Loom
14:40 Fletching
20:57 Castle Age
19:00 Double-Bit Axe
19:50 Horse Collar
21:52 Crossbowman
23:44 Gold Mining
23:27 Pikeman
24:11 Scale Mail Armor
25:08 Bow Saw
25:40 Forging
29:34 Chain Mail Armor
30:02 Heavy Plow
33:22 Wheelbarrow
33:12 Thumb Ring
33:32 Squires
33:18 Arson
40:50 Imperial Age
39:13 Hand Cart
38:44 Town Watch
40:55 Halberdier
44:38 Halberdier
46:34 Plate Mail Armor
GoogleWise
10:24 Feudal Age
10:44 Champi Runner
11:17 Double-Bit Axe
13:34 Wheelbarrow
13:51 Loom
17:26 Horse Collar
19:53 Stone Mining
20:30 Arson
26:27 Castle Age
25:48 Fletching
26:14 Forging
26:05 Scale Mail Armor
28:15 Squires
28:34 Gold Mining
28:34 Champi Warrior
29:15 Pikeman
31:21 Iron Casting
32:09 Chain Mail Armor
35:37 Hand Cart
37:04 Caciques
45:24 Imperial Age
MrJohn
6:01 Loom
8:59 Feudal Age
9:41 Double-Bit Axe
9:38 Horse Collar
18:52 Castle Age
18:33 Forging
18:31 Scale Barding Armor
18:38 Bloodlines
22:40 Iron Casting
24:30 Wheelbarrow
25:12 Chain Barding Armor
27:46 Heavy Plow
30:11 Husbandry
38:22 Imperial Age
36:10 Hand Cart
38:30 Cavalier
39:49 Plate Barding Armor
42:29 Paladin
Q13
0:26 Loom
9:06 Feudal Age
22:07 Castle Age
19:49 Horse Collar
22:01 Double-Bit Axe
22:12 Stone Mining
22:12 Gold Mining
25:09 Husbandry
25:20 Bloodlines
30:52 Wheelbarrow
29:58 Crossbowman
31:39 Thumb Ring
31:57 Heavy Plow
33:42 Kamandaran
38:32 Imperial Age
38:47 Forging
38:43 Scale Barding Armor
39:12 Hand Cart
38:21 Cavalier
40:10 Crop Rotation
41:05 Bow Saw
40:54 Savar
43:34 Two-Man Saw
43:19 Conscription
44:58 Iron Casting
44:43 Chain Barding Armor
Connection lost

Rejoining the realm…

Still unreachable

The connection could not be restored.

Session expired

The server has moved on; the page needs a fresh start.